 Dungeon Sprint DCSS version 0.26-a0-668-gd58323b419 (webtiles) character file.

Game seed: 5636435279402094360

54 sahdkjhfkaj the Grappler (level 5, -5/57 HPs)
             Began as a Troll Berserker on Oct 18, 2020.
             Was an Elder of Trog.
             Slain by a fire elemental (11 damage)
             ... in the Dungeon (Sprint VI: "Thunderdome").
             The game lasted 00:02:45 (433 turns).

sahdkjhfkaj the Grappler (Troll Berserker)           Turns: 433, Time: 00:02:45

Health: -5/57      AC:  8    Str: 26    XL:     5   Next: 92%
Magic:  4/4        EV: 11    Int:  3    God:    Trog [****..]
Gold:   100        SH:  0    Dex:  9    Spells: 4/4 levels left

rFire    . . .     SeeInvis .     - Unarmed
rCold    . . .     Faith    .   (no shield)
rNeg     . . .     Spirit   .   l - +0 troll leather armour {Snorg}
rPois    .         Reflect  .   (helmet restricted)
rElec    .         Harm     .   (no cloak)
rCorr    .         Rampage  .   (gloves unavailable)
MR       .....     NoTele   +   (boots unavailable)
Stlth    +.........             (no amulet)
HPRegen  0.99/turn              (no ring)
MPRegen  0.09/turn              (no ring)

@: no status effects
A: large, unfitting armour, claws 3, regeneration 1, shaggy fur 1, tough skin 3
a: Berserk, Trog's Hand, Brothers in Arms, Renounce Religion


You were in the Dungeon.
You worshipped Trog.
Trog was greatly pleased with you.
You visited 1 branch You collected 280 gold pieces.
You spent 180 gold pieces at shops.

Inventory:

Armour
 l - a +0 troll leather armour (worn) {Snorg}
Wands
 h - a wand of acid (5)
Scrolls
 g - 4 scrolls of blinking
 j - 3 scrolls of fog
Potions
 b - a potion of curing {!q}
 c - 4 potions of heal wounds {!q}
 d - 4 potions of haste {!q}
 e - 2 potions of magic {!q}
 f - a potion of berserk rage {!q}
 k - a potion of resistance {!q}


   Skills:
 + Level 5.1 Fighting
 + Level 5.1 Armour
 + Level 5.1 Dodging
 - Level 8.0 Unarmed Combat


You had 4 spell levels left.
You didn't know any spells.
Your spell library was empty.

Dungeon Overview and Level Annotations

Branches:
Dungeon (1/1)

Altars:
Cheibriados
Dithmenos
Fedhas
Gozag
Kikubaaqudgha
Makhleb
Okawaru
Qazlal
Ru
Sif Muna
Trog
Uskayaw
Vehumet
Wu Jian
Xom
Yredelemnul
Zin
The Shining One
Beogh
Jiyva
Lugonu

Shops:
D *[??*?*:[((!!!!


Innate Abilities, Weirdness & Mutations

You are too large for most types of armour.
You have claws for hands.
Your natural rate of healing is unusually fast.
You are covered in fur. (AC +1)
You have extremely tough skin. (AC +3)


Message History

You don't have any such object.
Evoke which item? (* to show all) (? for menu, Esc to quit)
Press: ? - help, Shift-Dir - straight line, p - fire elemental That beam is likely to hit you.
Continue anyway?
The mass of ice explodes!
The iceblast engulfs the fire elemental!
The fire elemental is frozen!
The fire elemental is almost destroyed.
The iceblast engulfs you!
* * * LOW HITPOINT WARNING * * *
The iceblast engulfs the fire elemental.
The fire elemental is almost destroyed.
The now-empty wand crumbles to dust.
The fire elemental completely misses you.
The fire elemental hits you. The fire elemental burns you!
* * * LOW HITPOINT WARNING * * *
The fire elemental hits you.
* * * LOW HITPOINT WARNING * * *
The fire elemental burns you!
You die...

#........_#
#.........###
...........⌠#
8.........8.######
....###.....)___∩##
..8.# #.8........∩###
....###.............##
.###...###......).[.⌠#
.# #.<.# #......@E○.§#
.###...###.......E°○§#
....###)............##
..8.# #.8........∩###
....###......___∩##
8.........8.######
..........÷⌠#
#.........###
#_......._#


You could see 2 fire elementals.

Vanquished Creatures
  A fire bat (D)
  Blork the orc (D)
  5 adders (D)
  5 orcs (D)
12 creatures vanquished.

Notes
Turn   | Place    | Note
-------+----------+-------------------------------------------
     0 | D        | sahdkjhfkaj the Troll Berserker began the quest for the
                  | Orb.
     0 | D        | Reached XP level 1. HP: 22/22 MP: 0/0
     1 | D        | Found a glowing golden altar of the Shining One.
     1 | D        | Found a snail-covered altar of Cheibriados.
     2 | D        | Found a blossoming altar of Fedhas.
     3 | D        | Found a shimmering altar of Xom.
     3 | D        | Found an opulent altar of Gozag.
     4 | D        | Found a bloodstained altar of Trog.
     4 | D        | Found a roughly hewn altar of Beogh.
     4 | D        | Found Muquphay's Weapon Rack.
     4 | D        | Found Luir's Premium Goods.
     5 | D        | Found Keumuk's Basic Armour.
     5 | D        | Found Gidgh's Miscellaneous Merchandise.
     5 | D        | Round 1.
    13 | D        | Bought a +0 troll leather armour for 180 gold pieces
    19 | D        | Reached XP level 2. HP: 19/29 MP: 1/1
    64 | D        | Reached skill level 4 in Unarmed Combat
    82 | D        | Found a radiant altar of Vehumet.
    86 | D        | Found a shadowy altar of Dithmenos.
    86 | D        | Found a sacrificial altar of Ru.
    86 | D        | Found Puohon's Identification Station.
    86 | D        | Found Fynairgh's Advanced Armour.
    87 | D        | Found Qida's Jewellery.
    92 | D        | Found a glowing silver altar of Zin.
    92 | D        | Found an ancient bone altar of Kikubaaqudgha.
   104 | D        | Found an iron altar of Okawaru.
   106 | D        | Found a stormy altar of Qazlal.
   106 | D        | Found Tioxzixt's Magic Scroll Shop.
   106 | D        | Found Hulliyt's Magic Scroll Shop.
   107 | D        | Found Luntai's Must-Have Magic.
   112 | D        | Found Siamaumpu's Staff Store.
   112 | D        | Found an ornate altar of the Wu Jian Council.
   112 | D        | Found a basalt altar of Yredelemnul.
   112 | D        | Found a viscous altar of Jiyva.
   123 | D        | Found a shimmering blue altar of Sif Muna.
   126 | D        | Reached ** piety under Trog
   129 | D        | Found a burning altar of Makhleb.
   129 | D        | Found a hide-covered altar of Uskayaw.
   129 | D        | Found Yhoacs's Distillery.
   129 | D        | Found Rumpez's Distillery.
   135 | D        | Reached skill level 5 in Unarmed Combat
   135 | D        | Reached XP level 3. HP: 31/37 MP: 2/2
   136 | D        | Found Enunwume's Bottled Wisdom.
   137 | D        | Found a corrupted altar of Lugonu.
   137 | D        | Found Weuproh's Do-It-Yourself Clinic.
   138 | D        | Arena points: 12 (+12) [x2]
   206 | D        | Round 2.
   279 | D        | Reached *** piety under Trog
   329 | D        | Noticed Blork the orc
   336 | D        | Killed Blork the orc
   336 | D        | Reached skill level 6 in Unarmed Combat
   336 | D        | Reached XP level 4. HP: 42/48 MP: 3/3
   337 | D        | Reached **** piety under Trog
   344 | D        | Arena points: 54 (+42) [x3]
   404 | D        | Round 3.
   405 | D        | Noticed a fire bat
   416 | D        | Killed a fire bat
   416 | D        | Reached skill level 7 in Unarmed Combat
   416 | D        | Reached skill level 5 in Fighting
   416 | D        | Reached skill level 5 in Armour
   416 | D        | Reached skill level 5 in Dodging
   416 | D        | Reached skill level 8 in Unarmed Combat
   416 | D        | Reached XP level 5. HP: 5/57 MP: 4/4
   430 | D        | Noticed a fire elemental
   430 | D        | Noticed a fire elemental
   433 | D        | Slain by a fire elemental

Illustrated notes

Levels and vault maps discovered:
D:        arena_sprint

Skill      XL: |  1  2  3  4 |
---------------+-------------+-----
Armour         | 2 3 4 5 |  5.1
Unarmed Combat | 5 6 8 |  8.0
Fighting       | 3 4 5 |  5.1
Dodging        | 3 4 5 |  5.1

Action                   |  1- 3 |  4- 6 || total
-------------------------+-------+-------++-------
Melee: Unarmed           |    31 |    15 ||    46
       Punch             |     1 |       ||     1
Evoke: Wand              |     1 |     4 ||     5
Armor: Animal skin       |     1 |       ||     1
       Troll leather arm |     2 |     4 ||     6
Dodge: Dodged            |    15 |     7 ||    22

Table legend: (Time is in decaauts)
 A = Elapsed time spent in this place.
 B = Non-inter-level travel time spent in this place.
 C = Inter-level travel time spent in this place.
 D = Time resting spent in this place.
 E = Time spent auto-exploring this place.
 F = Levels seen in this place.
 G = Mean time per level.
                   A        B        C        D        E       F      G
               +--------+--------+--------+--------+--------+-----+--------+
         Total |    428 |    428 |      0 |    224 |     73 |   1 |  428.0 |
       Dungeon |    428 |    428 |      0 |    224 |     73 |   1 |  428.0 |
               +--------+--------+--------+--------+--------+-----+--------+

Top non-repeatable levels by time:
       D: 428 daAuts
